 Dungeon Crawl Stone Soup version 0.28.0-43-g3370ac3207 (webtiles) character file.

Game seed: 2755430225890546046

25181 croobank the Arsonist (level 12, 0/103 HPs)
             Began as a Grey Draconian Fire Elementalist on Mar 12, 2022.
             Was a Believer of Ashenzari.
             Slain by an elephant (9 damage)
             ... on level 4 of the Lair of Beasts.
             The game lasted 01:05:33 (18191 turns).

croobank the Arsonist (DrFE)                       Turns: 18191, Time: 01:05:33

Health: 0/103      AC: 13    Str: 18    XL:     12   Next: 87%
Magic:  13/23      EV: 15    Int: 19    God:    Ashenzari [**....]
Gold:   595        SH:  4    Dex: 12    Spells: 2/26 levels left

rFire   + + +      SeeInvis +   a - +10 short sword of Ashenzari's Ordeal {vorpal, Drain rElec rF++ rN+, Cun, Melee} (curse)
rCold   . . .      Faith    .   (no shield)
rNeg    + . .      Spirit   .   (armour unavailable)
rPois   .          Reflect  .   (helmet restricted)
rElec   +          Harm     .   (no cloak)
rCorr   .          Rampage  .   (no gloves)
Will    .....                   (no boots)
Stlth   ++++......              (no amulet)
HPRegen 0.27/turn               z - ring of Ashenzari's Fetters {rF+, Bglg, Range} (curse)
MPRegen 0.18/turn               A - ring "At What Cost Knowledge?" {Str+6, Evo, Elem} (curse)

@: no status effects
A: AC +13, amphibious, unfitting armour, cold-blooded, large bone plates 1, wild
magic 1
a: Renounce Religion, Curse Item, Shatter the Chains


You were on level 4 of the Lair of Beasts.
You worshipped Ashenzari.
Ashenzari was pleased with you.
You visited 3 branches of the dungeon, and saw 13 of its levels.
You also visited: Bailey.

You collected 595 gold pieces.

Inventory:

Hand Weapons
 a - the cursed +10 short sword of Ashenzari's Ordeal (weapon) {vorpal, Drain rElec rF++ rN+, Cun, Melee}
   (You found it on level 2 of the Dungeon)

   It inflicts extra damage upon your enemies.
   rF:        It greatly protects you from fire.
   rElec:     It insulates you from electricity.
   rN:        It protects you from negative energy.
   Drain:     It drains your maximum health when unequipped.
   It has a curse which improves the following skills: Cunning: Dodging and
   Stealth.
   Melee Combat: Short Blades, Long Blades, Axes, Maces & Flails, Polearms,
   Staves and Unarmed Combat.
 b - a +0 hunting sling
 c - a +0 hand axe
 s - a +3 halberd
 G - a +2 vorpal halberd
 M - a +2 trident of protection
 N - a +4 spear
 O - a +0 glaive
 T - a +0 dire flail
Missiles
 d - 135 sling bullets
 f - 12 boomerangs
 i - 83 bolts
 l - 122 arrows
 E - 30 javelins
 F - 2 throwing nets
 I - 4 atropa-tipped darts (quivered)
Magical Staves
 g - a staff of fire
Jewellery
 e - a +4 ring of protection
 v - a ring of ice
 z - the cursed ring of Ashenzari's Fetters (left hand) {rF+, Bglg, Range}
   (You took it off a kobold on level 4 of the Dungeon)

   [ring of protection from fire]

   rF:        It protects you from fire.
   It has a curse which improves the following skills: Beguiling: Conjurations,
   Hexes and Translocations.
   Ranged Combat: Slings, Bows, Crossbows and Throwing.
 A - the cursed ring "At What Cost Knowledge?" (right hand) {Str+6, Evo, Elem}
   (You found it on level 5 of the Dungeon)

   [ring of strength]

   Str:       It affects your strength (+6).
   It has a curse which improves the following skills: Evocations: Evocations.
   Elements:  Fire Magic, Ice Magic, Air Magic and Earth Magic.
 K - a ring of resist corrosion
 R - an amulet of guardian spirit
 U - a +6 ring of dexterity
Wands
 y - a wand of iceblast (28)
 C - a wand of polymorph (10)
 H - a wand of paralysis (10)
 Q - a wand of digging (14)
 S - a wand of flame (15)
Scrolls
 n - 4 scrolls of enchant armour
 o - 3 scrolls of enchant weapon
 p - 3 scrolls of vulnerability
 u - a scroll of holy word
 x - 2 scrolls of magic mapping
 B - 2 scrolls of amnesia
 P - a scroll of immolation
Potions
 h - a potion of ambrosia
 j - a potion of lignification
 r - 2 potions of resistance
 t - 4 potions of flight
 w - a potion of mutation
 D - a potion of brilliance
 V - a potion of cancellation
 W - a potion of curing
 X - a potion of magic
Miscellaneous
 Z - a phial of floods


   Skills:
 - Level 8.7 Fighting
 - Level 8.0(9.3) Short Blades
 - Level 7.7(9.0) Dodging
 - Level 8.3(9.6) Stealth
 - Level 7.6 Spellcasting
 - Level 8.1(9.4) Conjurations
 + Level 3.5(4.7) Hexes
 - Level 8.7(10.0) Fire Magic
 + Level 3.2(4.3) Air Magic


You had 2 spell levels left.
You knew the following spells:

 Your Spells              Type           Power      Damage    Failure   Level
a - Foxfire               Conj/Fire      100%       2x1d9     1%          1
b - Scorch                Fire           100%       2d10      1%          2
c - Flame Wave            Conj/Fire      55%        2d11      3%          4
d - Stone Arrow           Conj/Erth      66%        3d11      7%          3
e - Dazzling Flash        Conj/Hex       88%        N/A       3%          3
f - Teleport Other        Tloc           10%        N/A       34%         3
g - Inner Flame           Hex/Fire       45%        N/A       2%          3
h - Silence               Hex/Air        15%        N/A       47%         5

Your spell library contained the following spells:

 Spells                   Type           Power      Damage    Failure   Level
 Static Discharge         Conj/Air       43%        N/A       1%          2
 Sublimation of Blood     Necr           9%         N/A       21%         2
 Wereblood                Tmut           9%         N/A       21%         2
 Conjure Flame            Conj/Fire      55%        6-21      1%          3
 Sticky Flame             Conj/Fire      55%        2d7       3%          4
 Tukima's Dance           Hex            32%        N/A       7%          3
 Summon Guardian Golem    Hex/Summ       21%        N/A       16%         3
 Gell's Gravitas          Tloc           10%        N/A       34%         3
 Passage of Golubria      Tloc           10%        N/A       73%         4
 Dispel Undead            Necr           9%         3d8       75%         4
 Yara's Violent Unravell  Hex/Tmut       10%        3d6       77%         5
 Orb of Destruction       Conj           27%        9d9       90%         7
 Agony                    Necr           9%         N/A       97%         5
 Dispersal                Tloc           5%         N/A       100%        6
 Spellforged Servitor     Conj/Summ      16%        N/A       100%        7
 Summon Hydra             Summ           4%         N/A       100%        7
 Lehudib's Crystal Spear  Conj/Erth      16%        10d5      100%        8
 Animate Armour           Summ/Erth      Unusable   N/A       N/A         4

Dungeon Overview and Level Annotations

Branches:
Dungeon (8/15)             Temple (1/1) D:4            Lair (4/6) D:8
  Swamp (0/4) Lair:2        Snake (0/4) Lair:3       Bailey (visited)

Altars:
Ashenzari
Dithmenos
Fedhas
Gozag
Hepliaklqana
Makhleb
Qazlal
Sif Muna
Trog
Wu Jian
Xom
Yredelemnul
Zin
The Shining One

Shops:
D:7 (

Annotations:
D:7 3 runed translucent doors, cookedgoose's ghost, novice OpFE; math4jedi's ghost, novice HOFi


Innate Abilities, Weirdness & Mutations

Your dull iron-grey scales are very hard. (AC +13)
You are amphibious.
You cannot fit into any form of body armour.
You are cold-blooded and may be slowed by cold attacks.
You are partially covered in large bone plates. (SH +4)
Your spells are a little harder to cast, but a little more powerful.


Message History

The elephant is heavily wounded.
The flame wave engulfs the elephant!
The elephant is heavily wounded. (Press . to intensify the flame waves.)
The elephant tramples you but does no damage.
The elephant trunk-slaps you but does no damage.
The elephant completely misses you.
The elephant trunk-slaps you but does no damage.
The elephant tramples you!
* * * LOW HITPOINT WARNING * * *
You hold your ground!
The elephant trunk-slaps you but does no damage.
You block the elephant's attack.
The elephant trunk-slaps you but does no damage.
A wave of flame ripples out!
The flame wave engulfs the elephant but does no damage.
The elephant is moderately wounded.
The flame wave engulfs the elephant!
The elephant is severely wounded.
The flame wave engulfs the elephant.
The elephant is heavily wounded.
The flame wave engulfs the elephant but does no damage.
The elephant is heavily wounded.
The flame wave engulfs the elephant but does no damage.
The elephant is moderately wounded.
The elephant tramples you.
* * * LOW HITPOINT WARNING * * *
You hold your ground!
You block the elephant's attack.
The elephant tramples you but does no damage.
The elephant closely misses you. The elephant tramples you!
* * * LOW HITPOINT WARNING * * *
You hold your ground!
The elephant trunk-slaps you but does no damage.
The elephant barely misses you. The elephant completely misses you.
Okay, then.
As you read the scroll of fear, it crumbles to dust.
You assume a fearsome visage.
The elephant looks frightened! x3
The elephant resists with almost no effort.
The elephant looks frightened!
The elephant tramples you!
You die...

* ##.......###........#.*
##.......## #P..##....# *
#........# ###.........
#P....P..###.....#......
...####...#####..#..##.#
* .. #.....##......#..#
##...Y...........#* *
..###.YY.............#
.......@YY.......P...## *
......###.........##..##
.....# ##.......####.P.
,..... ##...#...##....
..... #...#....#...#
......* ###..##.........
*......###P..##.P........
, #.......P##.......#..
#.........#...####...


You could see 5 elephants.

Vanquished Creatures
  3 hydras
  Nergalle (Lair:3)
  A necromancer (Lair:2)
  15 elephants
  3 black mambas
  9 cane toads
  2 komodo dragons (Lair:3)
  A rime drake (Lair:2)
  4 polar bears
  5 blink frogs (Lair:2)
  A spriggan (Lair:2)
  A wyvern (Lair:3)
  16 yaks
  A basilisk (Lair:1)
  A vampire (D:6)
  5 vampire mosquitoes (Lair:2)
  4 nagas (Lair:3)
  10 water moccasins
  Duvessa (D:4)
  11 orc warriors (Bailey)
  2 ice beasts
  A black bear (D:4)
  2 necrophages
  2 ogres
  10 wolves
  2 phantoms
  12 centaurs
  8 bullfrogs
  A gnoll sergeant (D:7)
  7 scorpions
  A wyvern skeleton (D:6)
  Dowan (D:4)
  4 killer bees (D:8)
  5 wights (D:8)
  3 howler monkeys (D:8)
  An electric eel (Lair:2)
  2 centaur zombies
  2 jellies
  A hound (D:5)
  A bullfrog skeleton (D:6)
  2 centaur skeletons
  2 iguanas
  4 orc wizards
  3 yak simulacra (Lair:2)
  A polar bear simulacrum (Lair:2)
  2 wolf simulacra (Lair:2)
  11 gnolls
  17 adders
  An ufetubus (D:4)
  2 worms
  4 dart slugs
  40 orcs
  9 bats
  9 endoplasms
  3 giant cockroaches (D:2)
  4 goblins
  5 hobgoblins
  7 jackals
  5 kobolds
  5 quokkas
  3 training dummies (D:7)
  4 ball pythons
  2 frilled lizards (D:1)
  7 rats
  5 river rat simulacra (Lair:2)
320 creatures vanquished.

Vanquished Creatures (others)
  An orc (Bailey)
  449 foxfires
  165 fungi
  130 plants
745 creatures vanquished.

Grand Total: 1065 creatures vanquished

Notes
Turn   | Place    | Note
-------+----------+-------------------------------------------
     0 | D:1      | croobank the Draconian Fire Elementalist began the quest
                  | for the Orb.
     0 | D:1      | Reached XP level 1. HP: 14/14 MP: 3/3
   310 | D:1      | Reached XP level 2. HP: 20/20 MP: 1/5
   366 | D:1      | Learned a level 2 spell: Scorch
  1300 | D:2      | Reached XP level 3. HP: 26/26 MP: 0/6
  1380 | D:2      | Identified the +10 short sword of the Thieving Oracle
                  | {vorpal, Drain rElec rF++ rN+}
  1750 | D:2      | Reached XP level 4. HP: 33/33 MP: 4/7
  2091 | D:3      | Found a faded altar of an unknown god.
  2152 | D:3      | Learned a level 4 spell: Flame Wave
  2425 | D:4      | Reached skill level 1 in Short Blades
  2443 | D:4      | Reached skill level 1 in Fighting
  2610 | D:4      | Reached XP level 5. HP: 40/40 MP: 6/9
  2615 | D:4      | Found a shadowy altar of Dithmenos.
  2674 | D:4      | Reached XP level 6. HP: 15/47 MP: 3/10
  3044 | D:4      | Noticed Duvessa
  3044 | D:4      | Noticed Dowan
  3050 | D:4      | Killed Duvessa
  3059 | D:4      | Killed Dowan
  3060 | D:4      | Your scales start taking on a dull iron-grey colour.
  3060 | D:4      | Reached XP level 7. HP: 38/55 MP: 0/11
  3424 | D:4      | Found a staircase to the Ecumenical Temple.
  3431 | Temple   | Entered the Ecumenical Temple
  3468 | Temple   | Became a worshipper of Ashenzari the Shackled
  4266 | D:5      | Entered Level 5 of the Dungeon
  4488 | D:5      | Learned a level 3 spell: Stone Arrow
  5674 | D:6      | Reached XP level 8. HP: 32/63 MP: 0/13
  6025 | D:6      | Reached * piety under Ashenzari
  6228 | D:6      | Learned a level 3 spell: Dazzling Flash
  6352 | D:6      | Reached skill level 5 in Fire Magic
  6746 | D:6      | Reached ** piety under Ashenzari
  6943 | D:7      | Found Qomiryxku's Firing Range.
  7296 | D:7      | Reached XP level 9. HP: 71/72 MP: 7/15
  7682 | D:7      | Found a runed translucent gate.
  7682 | D:7      | Found a runed translucent gate.
  7682 | D:7      | Found a runed translucent gate.
  7686 | D:7      | Noticed math4jedi's ghost (novice HOFi)
  7686 | D:7      | Noticed cookedgoose's ghost (novice OpFE)
  7953 | D:8      | Reached skill level 5 in Stealth
  7986 | D:8      | Found the +4 moon troll leather armour {Spirit, Regen++
                  | MP+5}
  8019 | D:8      | Found a flagged portal.
  8057 | Bailey   | Entered a bailey
  8560 | Bailey   | Reached skill level 5 in Spellcasting
  8560 | Bailey   | Reached skill level 5 in Conjurations
  8621 | Bailey   | Reached skill level 5 in Fighting
  8817 | Bailey   | Reached skill level 5 in Dodging
  9279 | Bailey   | Reached skill level 5 in Short Blades
  9334 | Bailey   | Reached XP level 10. HP: 81/81 MP: 5/18
 10415 | D:8      | Found a staircase to the Lair.
 10691 | Lair:1   | Entered Level 1 of the Lair of Beasts
 10732 | Lair:1   | Found a gate leading to a gauntlet.
 10794 | Lair:1   | Noticed a cane toad
 10802 | Lair:1   | Killed a cane toad
 10983 | Lair:1   | Noticed a four-headed hydra
 10991 | Lair:1   | Killed a four-headed hydra
 10994 | Lair:1   | Noticed a black mamba
 11003 | Lair:1   | Killed a black mamba
 11013 | Lair:1   | Noticed a cane toad
 11025 | Lair:1   | Killed a cane toad
 11109 | Lair:1   | Reached XP level 11. HP: 33/91 MP: 17/20
 11351 | Lair:1   | Identified the +0 helmet of Exclusion {Str+6 Dex+2}
 11499 | Lair:1   | Noticed a four-headed hydra
 11507 | Lair:1   | Learned a level 3 spell: Teleport Other
 11515 | Lair:1   | Killed a four-headed hydra
 12003 | Lair:2   | Noticed an eight-headed hydra
 13352 | Lair:2   | Found a staircase to the Swamp.
 13453 | Lair:2   | Killed an eight-headed hydra
 13959 | Lair:2   | Noticed a dire elephant
 14270 | Lair:1   | Learned a level 3 spell: Inner Flame
 14540 | Lair:2   | Noticed a necromancer
 14555 | Lair:2   | Killed a necromancer
 14556 | Lair:2   | Reached XP level 12. HP: 101/101 MP: 22/22
 15363 | Lair:2   | Gained mutation: You are frail. (-10% HP) [potion of
                  | mutation]
 15364 | Lair:2   | Lost mutation: You are frail. (-10% HP) [potion of
                  | mutation]
 15364 | Lair:2   | Gained mutation: Your spells are a little harder to cast,
                  | but a little more powerful. [potion of mutation]
 15364 | Lair:2   | Gained mutation: You are partially covered in large bone
                  | plates. (SH +4) [potion of mutation]
 16872 | Lair:3   | Learned a level 5 spell: Silence
 17073 | Lair:3   | Noticed Nergalle
 17078 | Lair:3   | Killed Nergalle
 17079 | Lair:3   | Reached skill level 1 in Hexes
 17079 | Lair:3   | Reached skill level 1 in Air Magic
 17656 | Lair:3   | Found a staircase to the Snake Pit.
 18191 | Lair:4   | Slain by an elephant

Illustrated notes

Levels and vault maps discovered:
D:1:      dpeg_arrival_rooms_a, layout_basic
D:2:      layout_rooms
D:3:      layout_rooms, ebering_ecumenical_altar_box
D:4:      old_forge, layout_basic, general_overflow_altar,
          minmay_temple_entry_junction, uniq_duvessa
D:5:      layout_layer_cave
D:6:      minmay_general_purpose_star, layout_loops_cross
D:7:      layout_basic, gammafunk_ghost_cemetery, nicolae_shop_firing_range
D:8:      cheibrodos_statue_roulette, layout_cave_pods,
          due_lair_maze_entry_diamond, enter_bailey_7
Temple:   mainiacjoe_temple_trianglar_array
Lair:1:   layout_gridlike, gauntlet_entry_generic
Lair:2:   mu_elephants_graveyard, layout_cave_pods, minmay_swamp_entry_swarm,
          eino_house_with_fridge, serial_bayou_shore_b
Lair:3:   wad_woods_structure_01, layout_regular_city,
          minmay_snake_entry_guardpost_medium, uniq_nergalle
Lair:4:   layout_layer_cave, uniq_nessos

Skill      XL: |  1  2  3  4  5  6  7  8  9 10 11 12 |
---------------+-------------------------------------+-----
Stealth        | 2 3 4 5 6 7 8 |  8.3
Dodging        | 2 3 4 5 6 7 |  7.7
Conjurations   | 2 3 4 5 6 7 8 |  8.1
Short Blades   | 1 2 3 4 5 6 7 8 |  8.0
Fighting       | 1 2 3 4 5 6 8 |  8.7
Spellcasting   | 3 4 5 6 7 |  7.6
Fire Magic     | 4 5 6 7 8 |  8.7
Hexes          | 3 |  3.5
Air Magic      | 3 |  3.2

Action                   |  1- 3 |  4- 6 |  7- 9 | 10-12 || total
-------------------------+-------+-------+-------+-------++-------
Melee: Staff             |     3 |       |       |       ||     3
       Tailslap          |     3 |     3 |    19 |    74 ||    99
       Short sword       |    14 |    68 |   135 |   345 ||   562
       Punch             |       |       |       |     5 ||     5
Throw: Dart              |       |       |       |     1 ||     1
 Cast: Foxfire           |    49 |    24 |    74 |   115 ||   262
       Scorch            |     4 |    16 |    96 |   114 ||   230
       Flame Wave        |       |       |     6 |    19 ||    25
       Stone Arrow       |       |       |     2 |     6 ||     8
       Dazzling Flash    |       |       |     1 |     4 ||     5
       Inner Flame       |       |       |       |     1 ||     1
Invok: Curse Item        |       |       |     3 |       ||     3
  Use: Scroll            |       |     4 |     1 |     3 ||     8
       Potion            |       |       |     2 |     9 ||    11
 Stab: Sleeping          |       |     1 |     3 |     8 ||    12
       Invisible         |       |       |       |     2 ||     2
Armor: Skin              |     6 |    29 |    76 |   172 ||   283
Dodge: Dodged            |    13 |    46 |   153 |   332 ||   544
Block: Other             |       |       |       |    20 ||    20
